 Dungeon Crawl Stone Soup version 0.29-a0-911-g88e6f02907 (webtiles) character file.

Game seed: 13083456805743533251

9 wilfster70 the Firebug (level 2, -2/15 HPs)
             Began as a Gargoyle Fire Elementalist on July 25, 2022.
             Slain by a ball python (3 damage)
             ... on level 1 of the Dungeon.
             The game lasted 00:01:47 (591 turns).

wilfster70 the Firebug (Gargoyle Fire Elementalist)  Turns: 591, Time: 00:01:48

Health: -2/15      AC:  4    Str: 11    XL:     2   Next: 12%
Magic:  4/5        EV: 11    Int: 15    God:
Gold:   5          SH:  3    Dex: 10    Spells: 4/5 levels left

rFire   . . .      SeeInvis .   a - +0 dagger
rCold   . . .      Faith    .   e - +0 buckler
rNeg    + . .      Spirit   .   g - +0 robe
rPois   ∞          Reflect  .   (no helmet)
rElec   +          Harm     .   (no cloak)
rCorr   .          Rampage  .   (no gloves)
Will    .....                   (no boots)
Stlth   ++........              (no amulet)
HPRegen 0.05/turn               (no ring)
MPRegen 0.09/turn               (no ring)

@: no status effects
A: sickness immunity, AC +2, negative energy resistance 1, electricity
resistance, torment resistance 1, petrification resistance
a: no special abilities


You were on level 1 of the Dungeon.
You visited 1 branch of the dungeon, and saw 1 of its levels.

You collected 5 gold pieces.

Inventory:

Hand Weapons
 a - a +0 dagger (weapon)
Missiles
 i - 5 poisoned darts
Armour
 e - a +0 buckler (worn)
 g - a +0 robe (worn)
Scrolls
 c - a scroll of silence
Potions
 b - a potion of magic
 d - a potion of lignification {unknown}
 f - a potion of attraction {unknown}
 h - a potion of curing {unknown}


   Skills:
 - Level 1.5 Dodging
 - Level 2.1 Stealth
 + Level 0.6 Shields
 + Level 2.1 Spellcasting
 + Level 1.4 Conjurations
 + Level 3.1 Fire Magic


You had 4 spell levels left.
You knew the following spells:

 Your Spells              Type           Power      Damage    Failure   Level
a - Foxfire               Conj/Fire      32%        2x1d5     12%         1

Your spell library contained the following spells:

 Spells                   Type           Power      Damage    Failure   Level
 Scorch                   Fire           22%        2d6       12%         2
 Conjure Flame            Conj/Fire      8%         6-21      34%         3
 Inner Flame              Hex/Fire       6%         N/A       43%         3
 Flame Wave               Conj/Fire      8%         2d5       75%         4


Dungeon Overview and Level Annotations

Branches:
Dungeon (1/15)

Altars:


Innate Abilities, Weirdness & Mutations

You are immune to sickness and miasma.
Your stone body is resilient. (AC +2)
You are immune to poison.
You resist negative energy. (rN+)
You are resistant to electric shocks. (rElec)
You are resistant to unholy torment.
You are immune to petrification.


Message History

The gnoll is moderately wounded.
You block the ball python's attack. The ball python constricts you.
The gnoll hits you from afar with a +0 spear.
Casting: Foxfire (safe; 12% risk of failure)
Confirm with . or Enter, or press ? or * to list all spells.
You conjure some foxfire!
The ball python bites you but does no damage.
The ball python constricts you.
The ball python bites you but does no damage.
The ball python constricts you. The gnoll closely misses you.
The foxfire hits the gnoll but does no damage.
The gnoll is moderately wounded.
The foxfire hits the gnoll but does no damage.
The gnoll is moderately wounded.
The ball python bites you but does no damage.
The ball python constricts you.
The gnoll hits you from afar with a +0 spear.
* * * LOW HITPOINT WARNING * * *
You escape the ball python's grasp.
The ball python attacks as you move away!
The ball python barely misses you.
The ball python bites you but does no damage.
The ball python barely misses you.
The ball python attacks as you move away!
The ball python bites you but does no damage.
The ball python completely misses you.
The ball python bites you but does no damage.
The ball python closely misses you.
The ball python attacks as you move away!
The ball python barely misses you.
The ball python attacks as you move away!
The ball python completely misses you. x2
There is a stone staircase leading down here.
The ball python bites you.
* * * LOW HITPOINT WARNING * * *
The ball python grabs you.
You stop descending the stairs.
The ball python constricts you.
* * * LOW HITPOINT WARNING * * *
You escape the ball python's grasp.
The ball python bites you.
You die...

#. ##$.# .. #..##†.#..# .#
#.....## .... #
#####.########## ###
##...##.. ..# # #..
##g#.#.#.####.# #.#.# #
##.##.##..#.##.# #.#.##.#
#.###.....S..#.### ..... ###
##.#####..#@#....####.####..
##g###...#.....(††........#
##.#.##........####.####.#
##.####.#.##### #.####.# ###
##.## #.#..... ### #.#.##.#
#.#.##.. #......# ###.####


You could see a ball python.

Vanquished Creatures
  A dart slug (D:1)
  A goblin (D:1)
  A quokka (D:1)
  2 ball pythons (D:1)
  A bat (D:1)
  A kobold (D:1)
  A rat (D:1)
8 creatures vanquished.

Vanquished Creatures (others)
  20 foxfires (D:1)
20 creatures vanquished.

Grand Total: 28 creatures vanquished

Notes
Turn   | Place    | Note
-------+----------+-------------------------------------------
     0 | D:1      | wilfster70 the Gargoyle Fire Elementalist began the quest
                  | for the Orb.
     0 | D:1      | Reached XP level 1. HP: 10/10 MP: 3/3
   461 | D:1      | Reached XP level 2. HP: 15/15 MP: 0/5
   591 | D:1      | Slain by a ball python

Illustrated notes

Levels and vault maps discovered:
D:1:      minmay_arrival_diagonal_passages, layout_loops_cross, serial_shops,
          nicolae_shop_window_shopping, minmay_misc_feat_five,
          minmay_pentomino_r4

Action                   || total
-------------------------++-------
Melee: Unarmed           ||     5
       Dagger            ||     1
 Cast: Foxfire           ||    12
  Use: Scroll            ||     1
Armor: Robe              ||     9
Dodge: Dodged            ||    23
Block: Buckler           ||     2

Table legend: (Time is in decaauts)
 A = Elapsed time spent in this place.
 B = Non-inter-level travel time spent in this place.
 C = Inter-level travel time spent in this place.
 D = Time resting spent in this place.
 E = Time spent auto-exploring this place.
 F = Levels seen in this place.
 G = Mean time per level.
                   A        B        C        D        E       F      G
               +--------+--------+--------+--------+--------+-----+--------+
         Total |    591 |    591 |      0 |    315 |    133 |   1 |  591.0 |
       Dungeon |    591 |    591 |      0 |    315 |    133 |   1 |  591.0 |
               +--------+--------+--------+--------+--------+-----+--------+

Top non-repeatable levels by time:
     D:1: 591 daAuts
